 Dungeon Crawl Stone Soup version 0.25-a0-942-g87a53962fc (webtiles) character file.

Game seed: 4383613376319090984, levelgen mode: deterministic

205 Flugslaktarn the Chopper (level 5, -7/47 HPs)
             Began as a Minotaur Fighter on May 6, 2020.
             Mangled by a gnoll
             ... wielding a +0 halberd
              (13 damage)
             ... on level 4 of the Dungeon.
             The game lasted 00:01:11 (2583 turns).

Flugslaktarn the Chopper (Minotaur Fighter)         Turns: 2583, Time: 00:01:11

Health: -7/47      AC:  8    Str: 22    XL:     5   Next: 52%
Magic:  4/4        EV:  7    Int:  5    God:
Gold:   203        SH:  9    Dex:  9    Spells: 4/4 levels left

rFire    . . .     SeeInvis .   a - +0 war axe
rCold    . . .     Gourm    .   c - +0 kite shield
rNeg     . . .     Faith    .   b - +0 scale mail
rPois    .         Spirit   .   (helmet restricted)
rElec    .         Reflect  .   (no cloak)
rCorr    .         Harm     .   k - +0 pair of gloves
MR       .....                  (no boots)
Stlth    ..........             (no amulet)
HPRegen  0.15/turn              (no ring)
MPRegen  0.09/turn              (no ring)

@: no status effects
A: retaliatory headbutt, horns 2
a: no special abilities


You were on level 4 of the Dungeon.
You were not hungry.

You visited 1 branch of the dungeon, and saw 4 of its levels.

You collected 203 gold pieces.

Inventory:

Hand Weapons
 a - a +0 war axe (weapon)
Armour
 b - a +0 scale mail (worn)
 c - a +0 kite shield (worn)
 k - a +0 pair of gloves (worn)
   (You found it on level 2 of the Dungeon)
Jewellery
 h - a cursed amulet of inaccuracy {unknown}
   (You found it on level 1 of the Dungeon)
 i - an uncursed ring of magical power {unknown}
   (You found it on level 1 of the Dungeon)
 j - an uncursed ring of stealth {unknown}
   (You found it on level 1 of the Dungeon)
 w - an uncursed amulet of rage {unknown}
   (You found it on level 3 of the Dungeon)
Scrolls
 f - 2 scrolls of remove curse {unknown}
 g - 3 scrolls of teleportation {unknown}
 m - a scroll of identify {unknown}
 p - a scroll of random uselessness {unknown}
 r - a scroll of noise {unknown}
 t - a scroll of enchant armour {unknown}
 v - a scroll of fear {unknown}
 x - a scroll of magic mapping {unknown}
Potions
 d - 2 potions of might
 l - a potion of mutation {unknown}
 n - 2 potions of heal wounds {unknown}
 o - a potion of berserk rage {unknown}
 q - 4 potions of curing
 s - a potion of brilliance {unknown}
 z - 2 potions of magic {unknown}
Comestibles
 e - 6 rations
 u - 5 chunks of flesh


   Skills:
 + Level 4.7 Fighting
 * Level 4.8 Axes
 + Level 4.7 Armour
 + Level 4.6 Shields


You had 4 spell levels left.
You didn't know any spells.
Your spell library was empty.

Dungeon Overview and Level Annotations

Branches:
Dungeon (4/15)
 Temple: D:4-7

Altars:
Nemelex Xobeh


Innate Abilities, Weirdness & Mutations

You reflexively headbutt those who attack you in melee.
You have a pair of horns on your head.


Message History

Your scale mail prevents you from hitting the gnoll.
The gnoll is heavily wounded.
You closely miss the gnoll. You closely miss the hound.
You hit the gnoll but do no damage. You block the gnoll's attack.
The hound barely misses you. You block the gnoll's attack.
The gnoll hits you with a +0 halberd.
* * * LOW HITPOINT WARNING * * *
You are too injured to fight recklessly!
You are too injured to fight recklessly!
You are too injured to fight recklessly!
You are too injured to fight recklessly!
Unknown command.
You closely miss the gnoll.
The gnoll is heavily wounded.
You barely miss the gnoll. You hit the gnoll. You closely miss the hound.
The hound bites you but does no damage. The gnoll hits you but does no damage.
The gnoll hits you with a +0 club!
* * * LOW HITPOINT WARNING * * *
You block the hound's attack. The gnoll hits you with a +0 halberd!
You die...

##..........###(###
....#.......##..........
...........# #.....(....
....>.....## ##.........
...........###.........#
........................
#...................#..
#....ggh.##........###.
#g@.##.........###.
###................
#...........##....
..!.............##...
#..........>....###..
#...............###..
#.##.............##..
... ...###............
#. #..## #......#.....


You could see a hound and 3 gnolls.

Vanquished Creatures
  3 orc priests (D:3)
  2 worker ants (D:4)
  A worm (D:2)
  2 dart slugs
  3 leopard geckos
  4 orcs (D:3)
  A giant cockroach (D:1)
  5 goblins
  3 hobgoblins
  7 jackals
  8 kobolds
  3 ball pythons
  6 bats
  4 frilled lizards (D:1)
  4 rats
56 creatures vanquished.

Notes
Turn   | Place    | Note
-------+----------+-------------------------------------------
     0 | D:1      | Flugslaktarn the Minotaur Fighter began the quest for the
                  | Orb.
     0 | D:1      | Reached XP level 1. HP: 19/19 MP: 0/0
    64 | D:1      | HP: 1/20 [poisoned by a kobold]
    87 | D:1      | Reached XP level 2. HP: 10/27 MP: 1/1
  1059 | D:2      | Reached XP level 3. HP: 33/33 MP: 2/2
  1887 | D:3      | Reached XP level 4. HP: 25/40 MP: 3/3
  1895 | D:3      | Reached XP level 5. HP: 30/47 MP: 4/4
  2321 | D:3      | Found a sparkling altar of Nemelex Xobeh.
  2583 | D:4      | Mangled by a gnoll

Levels and vault maps discovered:
D:1:      psy_arrival_dodecagon, layout_loops_cross
D:2:      layout_loops_corners
D:3:      layout_basic, nemelex_xobeh_ov_fountains_minmay, first_ration,
          minivault_26
D:4:      layout_cave_pools

Skill      XL: |  1  2  3  4 |
---------------+-------------+-----
Axes           | 3 4 |  4.8
Fighting       | 4 |  4.7
Armour         | 4 |  4.7
Shields        | 4 |  4.6

Action                   |  1- 3 |  4- 6 || total
-------------------------+-------+-------++-------
Melee: War axe           |   108 |    53 ||   161
       Headbutt          |     9 |     3 ||    12
  Use: Potion            |     1 |       ||     1
  Eat: Ration            |     1 |       ||     1
       Chunk             |       |     2 ||     2
Armor: Scale mail        |    52 |    25 ||    77
Dodge: Dodged            |    44 |    15 ||    59
Block: Kite shield       |    59 |    33 ||    92

Table legend:
 A = Non-vault XP
 B = Vault XP
 C = Vault XP percentage of total XP
 D = Non-vault monster count
 E = Vault monster count
 F = Vault count percentage of total count
                 A         B        C        D         E       F
            +---------+---------+-------+---------+---------+-------
      Total |     293 |       0 |   0.0 |      56 |       0 |   0.0
            +---------+---------+-------+---------+---------+-------
        D:1 |      34 |       0 |   0.0 |      21 |       0 |   0.0
        D:2 |      21 |       0 |   0.0 |      10 |       0 |   0.0
        D:3 |     165 |       0 |   0.0 |      21 |       0 |   0.0
        D:4 |      73 |       0 |   0.0 |       4 |       0 |   0.0
            +---------+---------+-------+---------+---------+-------
